AoeStats
← Asheqer

Arabian Desert

509703211Analyzed
1v1 RM · 3d ago on Sep 27, 2026· 49m 24s· 2 players
Game mode
Random Map
Map size
Tiny (2 player)
Population
200
Speed
Normal
Resources
Standard
Victory
Conquest
Starting age
Dark Age
Ending age
Imperial Age
RankedLock teamsTeams togetherTeam positionsShared explorationLock speedFull tech treeHidden civsTurbo modeCheats
Victory
Defeat
🇫🇷 Lithuanians · France
809
+36
🇬🇧 Franks · United Kingdom
784
-15
Asheqer
9:56 Feudal Age
12:18 Double-Bit Axe
21:04 Castle Age
19:42 Loom
22:30 Husbandry
23:33 Scale Barding Armor
29:58 Gold Mining
31:46 Forging
32:51 Chain Barding Armor
36:52 Iron Casting
42:56 Scale Mail Armor
43:57 Chain Mail Armor
46:28 Imperial Age
47:10 Cavalier
Pia-Pia
6:39 Loom
10:16 Feudal Age
11:41 Double-Bit Axe
11:39 Horse Collar
14:26 Bloodlines
18:30 Wheelbarrow
21:26 Castle Age
19:58 Forging
21:22 Scale Barding Armor
21:14 Gold Mining
22:46 Bow Saw
22:39 Heavy Plow
23:02 Town Watch
23:22 Husbandry
24:24 Town Patrol
24:27 Squires
24:59 Pikeman
30:32 Hand Cart
30:59 Stone Mining
33:50 Imperial Age
36:28 Two-Man Saw
36:40 Stone Shaft Mining
35:35 Cavalier
36:38 Halberdier
38:53 Iron Casting
38:39 Chain Barding Armor
41:58 Scale Mail Armor
45:28 Chemistry
46:41 Paladin
49:51 Murder Holes
Connection lost

Rejoining the realm…

Still unreachable

The connection could not be restored.

Session expired

The server has moved on; the page needs a fresh start.